 Dungeon Crawl Stone Soup version 0.28.0-43-g3370ac3207 (webtiles) character file.

Game seed: 15218983927959537934

331 TheDeanity the Skirmisher (level 6, -1/61 HPs)
             Began as a Troll Fighter on Mar 17, 2022.
             Slain by a bullfrog (7 damage)
             ... in a sewer.
             The game lasted 00:10:01 (2803 turns).

TheDeanity the Skirmisher (Troll Fighter)           Turns: 2803, Time: 00:10:02

Health: -1/61      AC:  4    Str: 27    XL:     6   Next: 26%
Magic:  5/5        EV:  8    Int:  4    God:
Gold:   199        SH:  7    Dex:  9    Spells: 5/5 levels left

rFire   . . .      SeeInvis .   (no weapon)
rCold   . . .      Faith    .   c - +0 kite shield
rNeg    . . .      Spirit   .   b - +0 robe
rPois   .          Reflect  .   (helmet restricted)
rElec   .          Harm     .   (no cloak)
rCorr   .          Rampage  .   (gloves unavailable)
Will    .....                   (boots unavailable)
Stlth   +.........              (no amulet)
HPRegen 1.00/turn               (no ring)
MPRegen 0.09/turn               (no ring)

@: mighty, lethally poisoned (-1 -> -2), hasted, slow
A: large, unfitting armour, claws 3, regeneration 1, shaggy fur 1, tough skin 1
a: no special abilities


You were in a sewer.
You visited 1 branch of the dungeon, and saw 4 of its levels.
You also visited: Sewer.

You collected 199 gold pieces.

Inventory:

Hand Weapons
 a - a +0 flail
Missiles
 f - 79 stones (quivered)
Armour
 b - a +0 robe (worn)
 c - a +0 kite shield (worn)
Wands
 m - a wand of polymorph (5)
Scrolls
 i - a scroll of holy word
 k - a scroll of fear {unknown}
 l - a scroll of vulnerability {unknown}
 n - 5 scrolls of enchant armour
 q - a scroll of teleportation {unknown}
 r - a scroll of blinking {unknown}
 s - a scroll of fog {unknown}
Potions
 d - a potion of might
 e - a potion of brilliance {unknown}
 h - 3 potions of magic
 j - a potion of curing
 o - 2 potions of heal wounds
 p - a potion of cancellation {unknown}
 t - a potion of invisibility {unknown}


   Skills:
 + Level 3.6 Fighting
 + Level 3.5 Maces & Flails
 * Level 3.6 Throwing
 - Level 2.4 Dodging
 - Level 2.4 Shields


You had 5 spell levels left.
You didn't know any spells.
Your spell library contained the following spells:

 Spells                   Type           Power      Damage    Failure   Level
 Ensorcelled Hibernation  Hex/Ice        0%         N/A       91%         2
 Spider Form              Tmut/Pois      0%         N/A       99%         3
 Anguish                  Hex/Necr       0%         N/A       100%        4


Dungeon Overview and Level Annotations

Branches:
Dungeon (4/15)              Sewer (1/1)
 Temple: D:4-7

Altars:
Elyvilon
Uskayaw

Annotations:
D:3 1 runed translucent door, Crazy Yiuf, Sigmund


Innate Abilities, Weirdness & Mutations

You are too large for most types of armour.
You have claws for hands.
Your natural rate of healing is unusually fast.
You are covered in fur. (AC +1)
You have tough skin. (AC +1)


Message History

You claw the bullfrog!
The bullfrog is heavily wounded.
You feel sick. The adder closely misses you. The bullfrog closely misses you.
The bullfrog hits you.
The ball python bites you but does no damage.
The adder bites you but does no damage.
You scratch the bullfrog.
The bullfrog is severely wounded.
You feel sick. The adder bites you but does no damage. The bullfrog hits you.
The bullfrog closely misses you. The ball python barely misses you.
You scratch the bullfrog.
The bullfrog is almost dead.
The adder barely misses you. You block the bullfrog's attack.
The adder bites you.
You are more poisoned.
The adder poisons you! You block the bullfrog's attack.
You barely miss the bullfrog.
The bullfrog is almost dead.
You feel sick. You block the bullfrog's attack.
The ball python barely misses you. The bullfrog hits you!
The adder closely misses you.
You closely miss the bullfrog.
The bullfrog is almost dead.
You feel sick. The bullfrog hits you.
* * * LOW HITPOINT WARNING * * *
The adder completely misses you. You block the bullfrog's attack.
The ball python bites you but does no damage.
The adder barely misses you. The adder bites you but does no damage.
The bullfrog hits you.
* * * LOW HITPOINT WARNING * * *
You closely miss the bullfrog.
The bullfrog is almost dead.
You feel sick. The bullfrog hits you.
* * * LOW HITPOINT WARNING * * *
The adder misses you. The adder bites you but does no damage.
You block the ball python's attack. The adder bites you but does no damage.
The bullfrog hits you.
* * * LOW HITPOINT WARNING * * *
The bullfrog hits you!
You die...

....'..# ..†.#..#
#..†####
#....##################
#....†.≈≈≈≈≈≈≈≈≈≈≈≈≈≈≈#.
##....≈≈≈≈≈≈≈≈≈≈≈≈≈≈≈≈..
#.....≈≈≈≈≈≈≈≈≈≈≈J≈≈≈..
#....≈≈≈≈≈†≈≈≈FSFJ≈≈≈..
##....≈≈≈≈≈#≈.S@#S≈
###.#≈≈≈≈≈≈≈≈≈SSS≈≈≈..
####################


You could see 2 bullfrogs, 3 adders, 2 endoplasms and 2 ball pythons.

Vanquished Creatures
  Terence (D:3)
  Natasha (thrice) (D:2)
  An iguana (D:4)
  3 river rats (Sewer)
  6 adders
  A worm (D:2)
  3 dart slugs
  An orc (D:3)
  5 endoplasms
  5 giant cockroaches
  7 goblins
  6 hobgoblins
  11 quokkas
  13 ball pythons
  7 bats
  4 frilled lizards
  6 kobolds
  47 rats
130 creatures vanquished.

Notes
Turn   | Place    | Note
-------+----------+-------------------------------------------
     0 | D:1      | TheDeanity the Troll Fighter began the quest for the Orb.
     0 | D:1      | Reached XP level 1. HP: 22/22 MP: 0/0
    85 | D:1      | Found a faded altar of an unknown god.
   148 | D:1      | Reached XP level 2. HP: 29/29 MP: 1/1
   527 | D:1      | Reached XP level 3. HP: 36/36 MP: 2/2
   759 | D:2      | Reached skill level 1 in Throwing
   991 | D:2      | Noticed Natasha
  1000 | D:2      | Reached XP level 4. HP: 36/45 MP: 3/3
  1009 | D:2      | Killed Natasha
  1196 | D:2      | Noticed Natasha
  1214 | D:2      | Killed Natasha
  1286 | D:2      | Noticed Natasha
  1294 | D:2      | Killed Natasha
  1295 | D:2      | Reached XP level 5. HP: 53/53 MP: 4/4
  1786 | D:3      | Found a runed translucent door.
  1787 | D:3      | Noticed Crazy Yiuf
  1847 | D:3      | Found a hide-covered altar of Uskayaw.
  1849 | D:3      | Noticed a +0 hand axe
  1849 | D:3      | Noticed a +0 hand axe
  1850 | D:3      | Noticed Terence
  1856 | D:3      | Killed Terence
  1893 | D:3      | Noticed Sigmund
  2306 | D:4      | Found a white marble altar of Elyvilon.
  2402 | D:4      | Found a glowing drain.
  2406 | Sewer    | Entered a sewer
  2446 | Sewer    | Reached XP level 6. HP: 38/61 MP: 5/5
  2803 | Sewer    | Slain by a bullfrog

Illustrated notes

Levels and vault maps discovered:
D:1:      lightli_arrival_isolated_outpost, layout_loops_cross,
          basic_ecumenical_altar, minmay_misc_feat_chi
D:2:      layout_rooms, minmay_pentomino_q2, uniq_natasha
D:3:      layout_basic, dancing_weapons_uskayaw, minmay_rat_hole,
          uniq_crazy_yiuf_cottage, uniq_terence, uniq_sigmund
D:4:      layout_loops_corners, overflow_temple_1_default, serial_shops,
          nicolae_shop_behind_doors, gup_sewer_entry_bowl
Sewer:    sewer_minmay_w

Skill      XL: |  1  2  3  4  5 |
---------------+----------------+-----
Maces & Flails | 2 3 |  3.5
Throwing       | 1 2 3 |  3.6
Fighting       | 3 |  3.6
Dodging        | |  2.4
Shields        | |  2.4

Action                   |  1- 3 |  4- 6 || total
-------------------------+-------+-------++-------
Melee: Unarmed           |   114 |   220 ||   334
Throw: Stone             |    57 |   133 ||   190
  Use: Scroll            |       |     5 ||     5
       Potion            |       |     2 ||     2
Armor: Robe              |    51 |    78 ||   129
       Skin              |       |     4 ||     4
Dodge: Dodged            |    50 |   118 ||   168
Block: Kite shield       |    54 |    77 ||   131
